 Dungeon Crawl Stone Soup version 0.25-a0-263-g9d16a9d099 (webtiles) character file.

Game seed: 15841651261250029393, levelgen mode: deterministic

124 Essalna the Skirmisher (level 4, -4/37 HPs)
             Began as a Demonspawn Berserker on Dec 7, 2019.
             Was a Follower of Trog.
             Slain by a worm (8 damage)
             ... on level 2 of the Dungeon.
             The game lasted 00:03:37 (1330 turns).

Essalna the Skirmisher (Demonspawn Berserker)       Turns: 1330, Time: 00:03:37

Health: -4/37      AC:  8    Str: 18    XL:     4   Next: 81%
Magic:  4/4        EV: 10    Int:  9    God:    Trog [*.....]
Gold:   31         SH:  0    Dex: 12    Spells: 3/3 levels left

rFire    + . .     SeeInvis .   a - +0 falchion
rCold    . . .     Gourm    .   (no shield)
rNeg     . . .     Faith    .   d - +0 scale mail
rPois    .         Spirit   .   (no helmet)
rElec    .         Reflect  .   (no cloak)
rCorr    .         Harm     .   (no gloves)
MR       .....                  (no boots)
Stlth    ..........             (no amulet)
HPRegen  0.12/turn              (no ring)
MPRegen  0.09/turn              (no ring)

@: no status effects
A: iridescent scales 1, fire resistance 1
a: Berserk, Renounce Religion


You were on level 2 of the Dungeon.
You worshipped Trog.
Trog was aware of your devotion.
You were hungry.

You visited 1 branch of the dungeon, and saw 2 of its levels.

You collected 31 gold pieces.

Inventory:

Hand Weapons
 a - a +0 falchion (weapon)
Armour
 b - a +0 animal skin
 d - a +0 scale mail (worn)
Jewellery
 l - an uncursed amulet of faith
Scrolls
 k - a scroll of immolation {unknown}
 m - a scroll of identify
Potions
 e - a potion of curing {unknown}
 f - a potion of mutation {unknown}
 g - 2 potions of degeneration {unknown}
 h - a potion of magic {unknown}
 i - a potion of might {unknown}
 j - 3 potions of brilliance {unknown}
Comestibles
 c - 4 rations


   Skills:
 + Level 4.0 Fighting
 + Level 3.6 Long Blades
 + Level 3.0 Armour
 - Level 1.7 Dodging


You had 3 spell levels left.
You didn't know any spells.
Your spell library was empty.

Dungeon Overview and Level Annotations

Branches:
Dungeon (2/15)

Altars:


Innate Abilities, Weirdness & Mutations

You are partially covered in iridescent scales. (AC +2)
Your flesh is heat resistant. (rF+)


Message History

The worm bites you.
You barely miss the worm.
The worm is moderately wounded.
The worm bites you.
* * * LOW HITPOINT WARNING * * *
You hit the worm.
The worm is heavily wounded.
You hit the worm.
The worm is severely wounded.
The worm barely misses you.
You hit the worm.
The worm is severely wounded.
You barely miss the worm.
The worm is severely wounded.
The worm bites you!
* * * LOW HITPOINT WARNING * * *
You hit the worm.
The worm is almost dead.
The worm bites you!
You die...

#...................
#..............###.#
#..............###.#
#...................
#.......############
#....<..# #.......#
#####
#)##############.).)
#.w@.............###
##################


You could see a worm.

Vanquished Creatures
  An orc priest (D:2)
  An orc wizard (D:2)
  A worker ant (D:2)
  An adder (D:2)
  A worm (D:2)
  3 dart slugs
  3 orcs (D:2)
  5 bats
  A giant cockroach (D:1)
  A goblin (D:2)
  4 hobgoblins
  3 kobolds (D:1)
  5 rats
30 creatures vanquished.

Notes
Turn   | Place    | Note
-------+----------+-------------------------------------------
     0 | D:1      | Essalna the Demonspawn Berserker began the quest for the
                  | Orb.
     0 | D:1      | Reached XP level 1. HP: 18/18 MP: 1/1
   470 | D:1      | Gained mutation: You are partially covered in iridescent
                  | scales. (AC +2) [demonic ancestry]
   470 | D:1      | Reached XP level 2. HP: 24/24 MP: 2/2
   933 | D:2      | Gained mutation: Your flesh is heat resistant. (rF+)
                  | [demonic ancestry]
   933 | D:2      | Reached XP level 3. HP: 20/29 MP: 3/3
  1268 | D:2      | Reached XP level 4. HP: 31/37 MP: 4/4
  1319 | D:2      | Reached skill level 4 in Fighting
  1330 | D:2      | Slain by a worm

Levels and vault maps discovered:
D:1:      dpeg_arrival_simpleton_b, layout_loops_corners, grunt_decor_fettered
D:2:      cheibrodos_pilgrimage, layout_loops_cross, minmay_between

Skill      XL: |  1  2  3  4 |
---------------+-------------+-----
Armour         | 2 3 |  3.0
Long Blades    | 3 |  3.6
Fighting       | 4 |  4.0
Dodging        | |  1.7

Action                   |  1- 3 |  4- 6 || total
-------------------------+-------+-------++-------
Melee: Falchion          |    87 |    48 ||   135
  Use: Scroll            |     1 |       ||     1
  Eat: Chunk             |     1 |       ||     1
Armor: Scale mail        |    33 |    19 ||    52
       Animal skin       |     2 |       ||     2
Dodge: Dodged            |    49 |    10 ||    59
       Rpst.: Falchion   |    13 |     1 ||    14

Table legend:
 A = Non-vault XP
 B = Vault XP
 C = Vault XP percentage of total XP
 D = Non-vault monster count
 E = Vault monster count
 F = Vault count percentage of total count
                 A         B        C        D         E       F
            +---------+---------+-------+---------+---------+-------
      Total |      92 |      86 |  48.3 |      25 |       5 |  16.7
            +---------+---------+-------+---------+---------+-------
        D:1 |      27 |       0 |   0.0 |      16 |       0 |   0.0
        D:2 |      65 |      86 |  57.0 |       9 |       5 |  35.7
            +---------+---------+-------+---------+---------+-------
